 Dungeon Crawl Stone Soup version 0.30-a0-883-g5ad918d77d (webtiles) character file.

Game seed: 12394882592508825214

140 Sanktem7 the Covered (level 5, -4/47 HPs)
             Began as a Minotaur Fighter on Mar 16, 2023.
             Blown up by Ijyb (10 damage)
             ... with a mindburst bolt
             ... on level 3 of the Dungeon.
             The game lasted 00:02:46 (2117 turns).

Sanktem7 the Covered (Minotaur Fighter)             Turns: 2117, Time: 00:02:47

Health: -4/47      AC: 12    Str: 22    XL:     5   Next: 2%
Magic:  4/4        EV:  7    Int:  5    God:
Gold:   232        SH:  4    Dex: 10    Spells: 4/4 levels left

rFire   . . .      SeeInvis .    a - +0 war axe
rCold   . . .      Faith    .    c - +0 buckler
rNeg    . . .      Spirit   .    l - +0 chain mail
rPois   .          Reflect  .    (helmet restricted)
rElec   .          Rampage  .    (no cloak)
rCorr   .                        n - +0 pair of gloves
Will    .....                    t - +0 pair of boots Stlth
                                 (no amulet)
HPRegen 0.27/turn                (no ring)
MPRegen 0.09/turn                (no ring)

@: no status effects
A: horns 2, retaliatory headbutt
a: no special abilities


You were on level 3 of the Dungeon.
You visited 1 branch of the dungeon, and saw 3 of its levels.

You collected 232 gold pieces.

Inventory:

Hand Weapons
 a - a +0 war axe (weapon)
Armour
 c - a +0 buckler (worn)
 l - a +0 chain mail (worn)
 n - a +0 pair of gloves (worn)
 t - a +0 pair of boots (worn)
Jewellery
 b - a ring of protection from cold
 j - an amulet of faith
Wands
 r - a wand of roots (1)
Scrolls
 f - a scroll of blinking {unknown}
 h - 2 scrolls of identify {unknown}
 i - a scroll of vulnerability {unknown}
 o - a scroll of fog {unknown}
 s - a scroll of brand weapon {unknown}
Potions
 d - a potion of might
 e - 2 potions of lignification {unknown}
 g - a potion of ambrosia {unknown}
 k - a potion of mutation {unknown}
 m - a potion of flight {unknown}
 p - a potion of heal wounds
 q - a potion of brilliance {unknown}


   Skills:
 + Level 4.6 Fighting
 + Level 3.7 Axes
 + Level 4.7 Armour
 + Level 4.6 Shields


You had 4 spell levels left.
You didn't know any spells.
Your spell library was empty.

Dungeon Overview and Level Annotations

Branches:
Dungeon (3/15)

Altars:

Annotations:
D:3 Ijyb


Innate Abilities, Weirdness & Mutations

You have a pair of horns on your head.
You reflexively headbutt those who attack you in melee.


Message History

Ijyb shouts!
Ijyb is nearby!
Ijyb is nearby!
Ijyb screams, "Me kill you!" Ijyb hits you but does no damage.
You closely miss Ijyb. Your headbutt misses Ijyb. You block Ijyb's attack.
Ijyb barely misses you.
You barely miss Ijyb.
Ijyb zaps a wand.
Your mind is blasted!
You barely miss Ijyb. Ijyb hits you with a +0 dagger.
You hit Ijyb but do no damage.
Ijyb zaps a wand.
Your mind is blasted!
Ijyb zaps a wand.
Your mind is blasted!
* * * LOW HITPOINT WARNING * * *
You are too injured to fight recklessly!
You are too injured to fight recklessly!
You are too injured to fight recklessly!
You are too injured to fight recklessly!
You are too injured to fight recklessly!
You are too injured to fight recklessly!
You are too injured to fight recklessly!
You are too injured to fight recklessly!
You are too injured to fight recklessly!
You are too injured to fight recklessly!
You are too injured to fight recklessly!
You are too injured to fight recklessly!
You are too injured to fight recklessly!
You are too injured to fight recklessly!
You are too injured to fight recklessly!
Unknown command.
You slash Ijyb!
Ijyb is moderately wounded.
Ijyb hits you but does no damage.
You closely miss Ijyb.
Ijyb is moderately wounded.
You block Ijyb's attack.
You hit Ijyb but do no damage. Your headbutt misses Ijyb.
Ijyb is moderately wounded.
Ijyb hits you with a +0 dagger.
* * * LOW HITPOINT WARNING * * *
Ijyb zaps a wand.
Your mind is blasted!
You die...

# #######.#.#
#.#.......#.# ##
#.#.####..#.#####(
#.................
###.........#####.
####......#######.
#.................
#.##.....#.###.##.
#@##.....#.# # #.
#g##.....#.# #.
#.######## #. #.#
.##. #.# .... #.#
#### #.# #..


You could see Ijyb.

Vanquished Creatures
  Jessica (D:2)
  Robin (D:3)
  3 adders
  A dart slug (D:3)
  8 bats
  8 endoplasms
  2 giant cockroaches
  10 goblins
  11 hobgoblins
  2 quokkas
  7 ball pythons
  4 frilled lizards
  8 kobolds
  A rat (D:2)
67 creatures vanquished.

Vanquished Creatures (others)
  5 plants (D:2)
5 creatures vanquished.

Grand Total: 72 creatures vanquished

Notes
Turn   | Place    | Note
-------+----------+-------------------------------------------
     0 | D:1      | Sanktem7 the Minotaur Fighter began the quest for the Orb.
     0 | D:1      | Reached XP level 1. HP: 19/19 MP: 0/0
   209 | D:1      | Reached XP level 2. HP: 26/27 MP: 1/1
   879 | D:2      | Reached XP level 3. HP: 33/33 MP: 2/2
  1252 | D:2      | Noticed Jessica
  1262 | D:2      | Killed Jessica
  1263 | D:2      | Reached XP level 4. HP: 35/41 MP: 3/3
  1694 | D:3      | Noticed Robin
  1718 | D:3      | Killed Robin
  2059 | D:3      | Reached XP level 5. HP: 47/47 MP: 4/4
  2108 | D:3      | Noticed Ijyb
  2117 | D:3      | Blown up by Ijyb

Illustrated notes

Levels and vault maps discovered:
D:1:      dpeg_arrival_radiant, layout_loops_ring, minmay_tall_x
D:2:      layout_basic, serial_bayou, serial_bayou_shore_b,
          serial_bayou_lagoon_b, serial_bayou_lake_a, serial_bayou_pond_a,
          minmay_misc_feat_columns, nicolae_half_adder, uniq_jessica
D:3:      layout_basic, nicolae_overflow_ecumenical_swirl, uniq_ijyb,
          uniq_robin, uniq_crazy_yiuf_cottage

Skill      XL: |  1  2 |
---------------+-------+-----
Fighting       | 4 |  4.6
Armour         | 4 |  4.7
Shields        | 4 |  4.6
Axes           | 3 |  3.7

Action                     |  1- 3 |  4- 6 || total
---------------------------+-------+-------++-------
  Melee: War axe           |    88 |    52 ||   140
         Headbutt          |    10 |     4 ||    14
 Armour: Scale mail        |    21 |       ||    21
         Chain mail        |    29 |    39 ||    68
  Dodge: Dodged            |    35 |    16 ||    51
  Block: Buckler           |    24 |    11 ||    35

Table legend: (Time is in decaauts)
 A = Elapsed time spent in this place.
 B = Non-inter-level travel time spent in this place.
 C = Inter-level travel time spent in this place.
 D = Time resting spent in this place.
 E = Time spent auto-exploring this place.
 F = Levels seen in this place.
 G = Mean time per level.
                   A        B        C        D        E       F      G
               +--------+--------+--------+--------+--------+-----+--------+
         Total |   2235 |   2123 |    112 |    137 |   1594 |   3 |  745.0 |
       Dungeon |   2235 |   2123 |    112 |    137 |   1594 |   3 |  745.0 |
               +--------+--------+--------+--------+--------+-----+--------+

Top non-repeatable levels by time:
     D:2: 1004 daAuts
     D:1: 788 daAuts
     D:3: 443 daAuts
